 Dungeon Crawl Stone Soup version 0.30-a0-170-g85af917532 (webtiles) character file.

Game seed: 17909409691759101759

580 gzilladon the Chopper (level 7, -1/84 HPs)
             Began as a Gnoll Reaver on Sept 29, 2022.
             Slain by a black bear (4 damage)
             ... on level 5 of the Dungeon on Sept 30, 2022.
             The game lasted 00:23:14 (4687 turns).

gzilladon the Chopper (Gnoll Reaver)                Turns: 4687, Time: 00:23:15

Health: -1/84      AC: 23    Str: 13    XL:     7   Next: 36%
Magic:  15/15      EV:  2    Int: 13    God:
Gold:   181        SH:  0    Dex: 10    Spells: 15/17 levels left

rFire   . . .      SeeInvis .    a - +0 hand axe
rCold   . . .      Faith    .    (no shield)
rNeg    . . .      Spirit   .    (body armour currently unavailable)
rPois   +          Reflect  .    (helmet currently unavailable)
rElec   .          Harm     .    (cloak currently unavailable)
rCorr   .          Rampage  .    (gloves currently unavailable)
Will    .....      NoTele   +    (boots currently unavailable)
Stlth   ++........               (no amulet)
HPRegen 0.24/turn                n - ring of flight
MPRegen 0.14/turn                x - +4 ring of evasion

@: brilliant, tree-form (expiring)
A: stationary, stasis, torment immunity, boosted hp, (fangs 1), strong nose,
distributed training
a: no special abilities


You were on level 5 of the Dungeon.
You were a tree.
You visited 1 branch of the dungeon, and saw 5 of its levels.

You collected 181 gold pieces.

Inventory:

Hand Weapons
 a - a +0 hand axe (weapon)
 w - a +0 club
Missiles
 e - 21 stones
 j - 10 poisoned darts
Armour
 b - a +0 leather armour
 i - a +2 hat
 k - a +0 pair of gloves (melded)
 m - the +1 plate armour of Amnad (melded) {Harm Regen+ SInv}
   (You found it on level 2 of the Dungeon)

   SInv:      It lets you see invisible.
   Regen:     It increases your rate of health regeneration.
   Harm:      It increases damage dealt and taken.
 y - a +1 helmet (melded)
 C - the +4 ring mail "Vynimegh" {+Blink Dex+5 Slay+3}
   (You found it on level 5 of the Dungeon)

   Dex:       It affects your dexterity (+5).
   Slay:      It affects your accuracy & damage with ranged weapons and melee
   (+3).
   +Blink:    It lets you blink.
Magical Staves
 c - a staff of earth
Jewellery
 n - a ring of flight (left branch)
 x - a +4 ring of evasion (right branch)
 B - a ring of ice
Wands
 r - a wand of flame (24)
Scrolls
 g - 2 scrolls of fog
 h - a scroll of vulnerability
 p - a scroll of blinking
 A - a scroll of enchant armour
Potions
 d - a potion of lignification
 l - 3 potions of attraction
 s - a potion of mutation
 t - 3 potions of haste
 u - a potion of magic {unknown}


   Skills:
 + Level 5.2 Fighting
 + Level 2.5 Short Blades
 + Level 2.5 Long Blades
 + Level 7.0 Axes
 + Level 2.5 Maces & Flails
 + Level 2.5 Polearms
 + Level 2.5 Staves
 + Level 2.5 Ranged Weapons
 + Level 2.5 Throwing
 + Level 2.5 Armour
 + Level 5.2 Dodging
 + Level 2.5 Stealth
 + Level 2.5 Shields
 + Level 2.5 Unarmed Combat
 + Level 5.6 Spellcasting
 + Level 5.8 Conjurations
 + Level 2.0 Hexes
 + Level 2.0 Summonings
 + Level 2.0 Necromancy
 + Level 2.0 Translocations
 + Level 2.0 Transmutations
 + Level 2.0 Fire Magic
 + Level 2.0 Ice Magic
 + Level 2.0 Air Magic
 + Level 2.0 Earth Magic
 + Level 2.0 Poison Magic
 + Level 2.8 Invocations
 + Level 2.5 Evocations


You had 15 spell levels left.
You knew the following spells:

 Your Spells              Type           Power      Damage    Failure   Level
a - Kiss of Death         Conj/Necr      84%        2d11      3%          1
b - Summon Small Mammal   Summ           52%        N/A       8%          1

Your spell library contained the following spells:

 Spells                   Type           Power      Damage    Failure   Level
 Momentum Strike          Conj/Tloc      42%        3d9       5%          2
 Apportation              Tloc           26%        N/A       8%          1
 Necrotise                Necr           52%        1d6       8%          1
 Sting                    Tmut/Pois      52%        1d5       8%          1
 Poisonous Vapours        Pois/Air       26%        N/A       11%         2
 Dazzling Flash           Conj/Hex       42%        N/A       11%         3
 Hailstorm                Conj/Ice       21%        3d6       11%         3
 Confusing Touch          Hex            13%        N/A       22%         3
 Animate Dead             Necr           13%        N/A       58%         4
 Olgreb's Toxic Radiance  Pois           13%        N/A       58%         4
 Agony                    Necr           13%        N/A       90%         5
 Borgnjor's Vile Clutch   Necr/Erth      6%         N/A       90%         5
 Silence                  Hex/Air        6%         N/A       90%         5
 Summon Forest            Summ/Tloc      6%         N/A       90%         5
 Death Channel            Necr           6%         N/A       100%        6
 Dispersal                Tloc           6%         N/A       100%        6


Dungeon Overview and Level Annotations

Branches:
Dungeon (5/15)
 Temple: D:4-7

Altars:

Shops:
D:3 [   D:4 *

Portals:
Ossuary: D:5

Annotations:
D:4 2 transporters, CowFu's ghost, novice OpFi


Innate Abilities, Weirdness & Mutations

You are a tree.
Your roots penetrate the ground, keeping you stationary.
You cannot be teleported.
You are immune to unholy pain and torment.
Your maximum health is greatly increased.
Your equipment is partially melded.
((You have very sharp teeth.))
Your uncanny sense of smell can sniff out nearby items.
Your experience applies equally to all skills.


Message History

* * * LOW HITPOINT WARNING * * *
The black bear claws you but does no damage. x2
The orc hits you but does no damage. x2
You hear some strange, mumbled words.
Something tries to affect you, but you resist.
Cleave: a) +0 hand axe
Press: ? - help, Dir - move target, f/p - black bear
Aim: a black bear (severely wounded, about 30% to evade your +0 hand axe)
You hit the black bear.
The black bear is severely wounded.
You hit something. You closely miss the orc.
Your transformation is almost over.
The orc hits you from afar with a +0 trident.
* * * LOW HITPOINT WARNING * * *
The black bear goes berserk!
The orc hits you but does no damage. x2
Something hits you but does no damage.
You are stuck in your current form!
You hit the orc but do no damage.
The orc is heavily wounded.
You closely miss the black bear. You miss something.
The black bear barely misses you.
The black bear claws you but does no damage.
The black bear barely misses you.
You closely miss the orc.
The orc is heavily wounded.
You hit the black bear. You completely miss something.
The orc hits you but does no damage. Something hits you but does no damage.
The orc hits you but does no damage.
The orc hits you from afar with a +0 trident.
* * * LOW HITPOINT WARNING * * *
The black bear bites you but does no damage.
The black bear claws you.
* * * LOW HITPOINT WARNING * * *
The black bear claws you but does no damage.
You hit the orc but do no damage.
The orc is heavily wounded.
You hit something.
You hit the black bear but do no damage.
The black bear bites you.
You die...

.......)#.#
#..#...##...##
........#.#
#....8.+..8D<#
#######.#.#
#####..#...##...##
##'#.###.)....##+######
#.....##......#
#.............#
#.....##......#
#.....++..){h)# ∆
#.....##.).♣o.#
#.....##..))†..#
#.....##....oo.O...
#.....####.........
####### #.........
#......... #..........
..........


You could see a black bear (berserk), an ogre and 3 orcs.

Vanquished Creatures
  3 scorpions
  A howler monkey (D:4)
  A hound (D:5)
  2 orc priests
  3 orc wizards (D:5)
  Robin (D:4)
  A gnoll (D:1)
  7 adders
  An ufetubus (D:5)
  A worm (D:3)
  A dart slug (D:5)
  12 orcs
  10 endoplasms
  4 giant cockroaches
  13 goblins
  6 hobgoblins
  11 jackals
  6 quokkas
  6 ball pythons
  3 bats
  4 frilled lizards
  5 kobolds
  3 rats
105 creatures vanquished.

Vanquished Creatures (others)
  4 plants (D:2)
  4 withered plants (D:5)
8 creatures vanquished.

Grand Total: 113 creatures vanquished

Notes
Turn   | Place    | Note
-------+----------+-------------------------------------------
     0 | D:1      | gzilladon the Gnoll Reaver began the quest for the Orb.
     0 | D:1      | Reached XP level 1. HP: 20/20 MP: 6/6
    29 | D:1      | Reached XP level 2. HP: 6/26 MP: 7/7
  1139 | D:1      | Reached skill level 5 in Spellcasting
  1139 | D:1      | Reached XP level 3. HP: 31/31 MP: 7/9
  1380 | D:2      | Identified the +1 plate armour of Amnad {Harm Regen+ SInv}
  1601 | D:2      | Reached skill level 1 in Invocations
  1653 | D:2      | Reached skill level 1 in Short Blades
  1653 | D:2      | Reached skill level 1 in Long Blades
  1653 | D:2      | Reached skill level 1 in Maces & Flails
  1653 | D:2      | Reached skill level 1 in Polearms
  1653 | D:2      | Reached skill level 1 in Staves
  1653 | D:2      | Reached skill level 1 in Ranged Weapons
  1653 | D:2      | Reached skill level 1 in Throwing
  1653 | D:2      | Reached skill level 1 in Armour
  1653 | D:2      | Reached skill level 1 in Stealth
  1653 | D:2      | Reached skill level 1 in Shields
  1653 | D:2      | Reached skill level 1 in Unarmed Combat
  1653 | D:2      | Reached skill level 1 in Evocations
  1672 | D:2      | Reached XP level 4. HP: 31/38 MP: 11/11
  2091 | D:2      | Reached skill level 1 in Hexes
  2091 | D:2      | Reached skill level 1 in Summonings
  2091 | D:2      | Reached skill level 1 in Necromancy
  2091 | D:2      | Reached skill level 1 in Translocations
  2091 | D:2      | Reached skill level 1 in Transmutations
  2091 | D:2      | Reached skill level 1 in Fire Magic
  2091 | D:2      | Reached skill level 1 in Ice Magic
  2091 | D:2      | Reached skill level 1 in Air Magic
  2091 | D:2      | Reached skill level 1 in Earth Magic
  2091 | D:2      | Reached skill level 1 in Poison Magic
  2559 | D:1      | Upgraded the game from 0.30-a0-168-g0b976cbdc4 to
                  | 0.30-a0-170-g85af917532
  2666 | D:3      | Found Wuveaq's Armour Shop.
  2947 | D:3      | Reached XP level 5. HP: 22/43 MP: 12/12
  3025 | D:3      | Got the Dissertation on the Captivating Tesseract
  3599 | D:4      | Noticed Robin
  3618 | D:4      | Reached XP level 6. HP: 49/50 MP: 13/13
  3625 | D:4      | Killed Robin
  3663 | D:4      | Found Modistai's Neck Hole.
  3703 | D:4      | Reached skill level 5 in Fighting
  3703 | D:4      | Reached skill level 5 in Dodging
  3758 | D:4      | Noticed CowFu's ghost (novice OpFi)
  3760 | D:4      | Found a transporter.
  3762 | D:4      | Found a transporter.
  4199 | D:5      | Entered Level 5 of the Dungeon
  4202 | D:5      | Noticed a black bear
  4259 | D:4      | Learned a level 1 spell: Summon Small Mammal
  4320 | D:5      | Noticed an acid dragon
  4370 | D:5      | Found a sand-covered staircase.
  4511 | D:5      | Identified the +4 ring mail "Vynimegh" {+Blink Dex+5
                  | Slay+3}
  4549 | D:5      | Reached skill level 7 in Axes
  4549 | D:5      | Reached XP level 7. HP: 14/56 MP: 15/15
  4672 | D:5      | HP: 4/84 [something (2)]
  4686 | D:5      | HP: 3/84 [black bear (2)]
  4687 | D:5      | Slain by a black bear

Illustrated notes

Levels and vault maps discovered:
D:1:      psy_arrival_basics, layout_basic
D:2:      layout_loops_ring, serial_forest, infiniplex_forest_straight_4,
          infiniplex_forest_straight_2, infiniplex_forest_straight_3,
          infiniplex_forest_pool, infiniplex_forest_lined_3_way,
          infiniplex_forest_lined_3, infiniplex_forest_clump_small,
          infiniplex_forest_join, infiniplex_forest_split,
          infiniplex_forest_straight_3
D:3:      cheibrodos_helix_gallery, layout_loops_ring, serial_shops, shop
D:4:      layout_rooms, gammafunk_ghost_mausoleum,
          chequers_serial_rivers_micro_a, minmay_crystal_room, hex_large,
          nicolae_shop_sticking_my_neck_out, uniq_robin
D:5:      layout_basic, kiku_gazebo_garden_becter, enter_ossuary_1,
          grunt_ministairs_5, nicolae_shop_unique_rings

Skill      XL: |  1  2  3  4  5  6  7 |
---------------+----------------------+-----
Spellcasting   | 5 |  5.6
Invocations    | 1 2 |  2.8
Short Blades   | 1 2 |  2.5
Long Blades    | 1 2 |  2.5
Maces & Flails | 1 2 |  2.5
Polearms       | 1 2 |  2.5
Staves         | 1 2 |  2.5
Ranged Weapons | 1 2 |  2.5
Throwing       | 1 2 |  2.5
Armour         | 1 2 |  2.5
Stealth        | 1 2 |  2.5
Shields        | 1 2 |  2.5
Unarmed Combat | 1 2 |  2.5
Evocations     | 1 2 |  2.5
Hexes          | 1 2 |  2.0
Summonings     | 1 2 |  2.0
Necromancy     | 1 2 |  2.0
Translocations | 1 2 |  2.0
Transmutations | 1 2 |  2.0
Fire Magic     | 1 2 |  2.0
Ice Magic      | 1 2 |  2.0
Air Magic      | 1 2 |  2.0
Earth Magic    | 1 2 |  2.0
Poison Magic   | 1 2 |  2.0
Fighting       | 5 |  5.2
Dodging        | 5 |  5.2
Axes           | 7 |  7.0
Conjurations   | |  5.8

Action                   |  1- 3 |  4- 6 |  7- 9 || total
-------------------------+-------+-------+-------++-------
Melee: Hand axe          |   163 |   301 |    35 ||   499
       Bite              |    16 |    40 |     4 ||    60
       Punch             |     2 |     6 |     2 ||    10
  Use: Scroll            |       |    10 |     3 ||    13
       Potion            |       |     1 |     6 ||     7
Armor: Leather armour    |     9 |       |       ||     9
       Plate armour      |    75 |   255 |    35 ||   365
       Skin              |       |       |   158 ||   158
Dodge: Dodged            |    41 |    60 |    32 ||   133

Table legend: (Time is in decaauts)
 A = Elapsed time spent in this place.
 B = Non-inter-level travel time spent in this place.
 C = Inter-level travel time spent in this place.
 D = Time resting spent in this place.
 E = Time spent auto-exploring this place.
 F = Levels seen in this place.
 G = Mean time per level.
                   A        B        C        D        E       F      G
               +--------+--------+--------+--------+--------+-----+--------+
         Total |   4675 |   3558 |   1117 |    574 |      0 |   5 |  935.0 |
       Dungeon |   4675 |   3558 |   1117 |    574 |      0 |   5 |  935.0 |
               +--------+--------+--------+--------+--------+-----+--------+

Top non-repeatable levels by time:
     D:1: 1356 daAuts
     D:2: 1285 daAuts
     D:4: 883 daAuts
     D:3: 822 daAuts
     D:5: 327 daAuts
